 Dungeon Crawl Stone Soup version 0.31-a0-198-g2ad674f65e (webtiles) character file.

Game seed: 3724523177892331203

6 qw the Shooter (level 1, 0/12 HPs)
             Began as a Deep Elf Hunter on June 25, 2023.
             Slain by a quokka (2 damage)
             ... on level 1 of the Dungeon.
             The game lasted 00:00:02 (29 turns).

qw the Shooter (Deep Elf Hunter)                      Turns: 29, Time: 00:00:02

Health: 0/12       AC:  3    Str:  8    XL:     1   Next: 75%
Magic:  3/3        EV: 12    Int: 13    God:
Gold:   0          SH:  0    Dex: 18    Spells: 0/0 levels left

rFire   . . .        a - +0 shortbow
rCold   . . .        (shield currently unavailable)
rNeg    . . .        c - +0 leather armour
rPois   .            (no helmet)
rElec   .            (no cloak)
rCorr   .            (no gloves)
SInv    .            (no boots)
Will    .....        (no amulet)
Stlth   ++           (no ring)
HPRegen 0.22/turn    (no ring)
MPRegen 0.08/turn

%: no passive effects
@: no status effects
A: no striking features
a: no special abilities


You were on level 1 of the Dungeon.
You visited 1 branch of the dungeon, and saw 1 of its levels.


   Skills:
 - Level 1.5 Fighting
 + Level 5.8 Ranged Weapons
 - Level 2.4 Dodging
 - Level 1.2 Stealth


You couldn't memorise any spells.
You didn't know any spells.
Your spell library was empty.

Inventory:

Hand Weapons
 a - a +0 shortbow (weapon)
Armour
 c - a +0 leather armour (worn)
Scrolls
 b - a scroll of butterflies

Dungeon Overview and Level Annotations

Branches:
Dungeon (1/15)

Altars:


Message History

The jackal is heavily wounded.
The ball python closely misses you. The ball python constricts you.
A quokka comes into view.
You shoot an arrow.
The arrow barely misses the ball python.
The arrow barely misses the jackal.
The arrow hits the jackal but does no damage.
The ball python closely misses you. The ball python constricts you.
The ball python closely misses you. The ball python constricts you.
An endoplasm comes into view.
You shoot an arrow. The arrow hits the ball python!
You kill the ball python!
The jackal bites you.
The jackal bites you but does no damage.
The jackal barely misses you. The jackal completely misses you.
The jackal barely misses you.
You shoot an arrow. The arrow hits the jackal.
You kill the jackal!
The jackal misses you. The jackal bites you.
You shoot an arrow. The arrow barely misses the jackal.
The arrow hits the frilled lizard.
You kill the frilled lizard!
The jackal bites you but does no damage.
The jackal closely misses you. The jackal bites you. The jackal misses you.
You shoot an arrow. The arrow misses the jackal.
The arrow hits the endoplasm.
The endoplasm is lightly wounded.
The jackal barely misses you. The jackal misses you.
You shoot an arrow. The arrow hits the jackal.
You kill the jackal!
The jackal barely misses you. The jackal closely misses you.
You shoot an arrow.
The arrow hits the quokka but does no damage.
The jackal closely misses you. The quokka bites you.
A bat comes into view.
The jackal bites you but does no damage.
The quokka closely misses you.
You shoot an arrow. The arrow barely misses the quokka.
The arrow hits the bat!
You kill the bat!
The jackal bites you. The quokka bites you.
You die...

......%
..[..).
.......
:......
###.......
.J.......
##hr......
#%@# #..#
##.## #..#
#..# #..#
###.#
#...#
##.###


You could see an endoplasm, a quokka and a jackal.

Vanquished Creatures
  2 jackals (D:1)
  A kobold (D:1)
  2 ball pythons (D:1)
  A bat (D:1)
  A frilled lizard (D:1)
7 creatures vanquished.

Notes
Turn   | Place    | Note
-------+----------+-------------------------------------------
     0 | D:1      | qw the Deep Elf Hunter began the quest for the Orb.
     0 | D:1      | Reached XP level 1. HP: 12/12 MP: 3/3
     0 | D:1      | 0 ||| qw: Version: 0.3-a-22-g0ed2b0b
     0 | D:1      | 0 ||| qw: Game counter: 5398
     0 | D:1      | 0 ||| qw: Melee chars always use a shield: true
     0 | D:1      | 0 ||| qw: God list: Okawaru
     0 | D:1      | 0 ||| qw: Allow faded altars: false
     0 | D:1      | 0 ||| qw: Do Orc after clearing Dungeon:15 true
     0 | D:1      | 0 ||| qw: Do second Lair branch before Depths: true
     0 | D:1      | 0 ||| qw: Lair rune preference: random
     0 | D:1      | 0 ||| qw: Goals: Normal
     0 | D:1      | 0 ||| PLANNING D:1-11
     6 | D:1      | Found a faded altar of an unknown god.
    28 | D:1      | HP: 2/12 [quokka (2)]
    29 | D:1      | Slain by a quokka

Levels and vault maps discovered:
D:1:      psy_arrival_radial01, layout_basic, basic_ecumenical_altar,
          dk_noncrumbling_4

Action                     || total
---------------------------++-------
   Fire: Shortbow          ||    14
 Armour: Leather armour    ||     4
  Dodge: Dodged            ||    18

Table legend:
 A = Non-vault XP
 B = Vault XP
 C = Vault XP percentage of total XP
 D = Non-vault monster count
 E = Vault monster count
 F = Vault count percentage of total count
                 A         B        C        D         E       F
            +---------+---------+-------+---------+---------+-------
      Total |      10 |       0 |   0.0 |       7 |       0 |   0.0
            +---------+---------+-------+---------+---------+-------
        D:1 |      10 |       0 |   0.0 |       7 |       0 |   0.0
            +---------+---------+-------+---------+---------+-------
